 Dungeon Crawl Stone Soup version 0.27-a0-1140-g099f9bb0e8 (webtiles) character file.

Game seed: 18425610229084421859

505 dickylongcocking the Magician (level 7, -2/51 HPs)
             Began as a Djinni Venom Mage on May 8, 2021.
             Was an Initiate of Makhleb.
             Engulfed by a cloud of flame (7 damage)
             ... on level 5 of the Dungeon.
             The game lasted 00:05:15 (4750 turns).

dickylongcocking the Magician (Djinni Venom Mage)   Turns: 4750, Time: 00:05:16

Health: -2/51      AC:  9    Str: 13    XL:     7   Next: 18%
Gold:   205        EV: 11    Int: 19    God:    Makhleb [......] SH:  0 Dex: 13

rFire    + . .     SeeInvis +   c - +2 dagger (venom)
rCold    + . .     Faith    .   (no shield)
rNeg     . . .     Spirit   .   i - +3 ring mail {rC+}
rPois    ∞         Reflect  .   e - +0 helmet
rElec    .         Harm     .   (no cloak)
rCorr    .         Rampage  .   (no gloves)
Will     .....                  (boots unavailable)
Stlth    +.........             (no amulet)
HPRegen  0.17/turn              b - ring "Meosm" {rF- rC+ Str+6 Slay+2 SInv}
MPRegen  0.00/turn              (no ring)

@: flying
A: sickness immunity, fire resistance 2, cold vulnerability 1, float, innate
caster, hp casting, extra vitality 1
a: Renounce Religion


You were on level 5 of the Dungeon.
You worshipped Makhleb.
Makhleb was noncommittal.
You visited 1 branch of the dungeon, and saw 5 of its levels.

You collected 271 gold pieces.
You spent 66 gold pieces at shops.

Inventory:

Hand Weapons
 c - a +2 dagger of venom (weapon)
 j - a +0 falchion
 o - a -3 quick blade
 p - a -2 quick blade
Armour
 a - a +0 robe
 e - a +0 helmet (worn)
 i - a +3 ring mail of cold resistance (worn)
Jewellery
 b - the ring "Meosm" (left hand) {rF- rC+ Str+6 Slay+2 SInv}
   (You acquired it on level 4 of the Dungeon)

   [ring of strength]

   It affects your strength (+6).
   It affects your accuracy and damage with ranged weapons and melee attacks
   (+2).
   It makes you vulnerable to fire.
   It protects you from cold.
   It lets you see invisible.
Potions
 d - a potion of attraction
 f - a potion of curing {unknown}
 l - a potion of ambrosia
 n - 2 potions of brilliance {unknown}


   Skills:
 + Level 3.7 Fighting
 * Level 3.2 Armour
 - Level 2.2 Dodging
 - Level 1.6 Stealth
 * Level 4.9 Spellcasting


You couldn't memorise any spells.
You knew the following spells:

 Your Spells              Type           Power      Damage    Failure   Level
a - Sting                 Tmut/Pois      92%        1d7       3%          1
b - Slow                  Hex            23%        N/A       4%          2
c - Portal Projectile     Hex/Tloc       46%        N/A       10%         3
d - Olgreb's Toxic Radia  Pois           23%        N/A       32%         4
f - Shock                 Conj/Air       92%        1d8       3%          1
i - Ignite Poison         Fire/Tmut/Pois 23%        N/A       10%         3
p - Poisonous Vapours     Pois/Air       46%        N/A       4%          2
x - Mephitic Cloud        Conj/Pois/Air  23%        N/A       10%         3
Your spell library was empty.

Dungeon Overview and Level Annotations

Branches:
Dungeon (5/15)
 Temple: D:4-7

Altars:
Makhleb

Shops:
D:4 *


Innate Abilities, Weirdness & Mutations

You are immune to sickness and miasma.
You are immune to poison.
Your flesh is very heat resistant. (rF++)
You are vulnerable to cold. (rC-)
You float through the air rather than walking.
You learn spells naturally, not from books.
Your magical power is your life essence.
You have superior vitality. (+4 HP)


Message History

The stinking cloud engulfs you but does no damage.
The stinking cloud engulfs the phantom but does no damage.
The phantom is moderately damaged.
The phantom hits you.
Unknown command.
Unknown command.
Unknown command.
Casting: Mephitic Cloud (dangerous; 11% risk of failure)
Confirm with . or Enter, or press ? or * to list all spells.
You are standing in a cloud of noxious fumes!
Ignite poison anyway?
Okay, then.
Unknown command.
Unknown command.
Casting: Ignite Poison (dangerous; 11% risk of failure)
Confirm with . or Enter, or press ? or * to list all spells.
You are standing in a cloud of noxious fumes!
Ignite poison anyway?
You ignite the poison in your surroundings!
* * * LOW HITPOINT WARNING * * *
You are engulfed in blazing flames.
You resist.
* * * LOW HITPOINT WARNING * * *
The phantom is engulfed in blazing flames.
The phantom closely misses you.
Unknown command.
Unknown command.
Unknown command.
Unknown command.
You closely miss the phantom.
The phantom is almost destroyed.
You are engulfed in blazing flames.
You resist.
* * * LOW HITPOINT WARNING * * *
The phantom is engulfed in blazing flames.
You destroy the phantom!
Makhleb accepts your kill.
Your Armour skill increases to level 3!
Unknown command.
Press: ? - help, v - describe, . - travel The floor.
There is a cloud of flame here.
You are engulfed in blazing flames.
You resist.
You die...

....###.###.##.# #.###^# ..
#.# #.##.# ##.#.##
..###.##.# ##.## .####...#.#
#.# #. ##.#.#### #.# #
##.#.##Z## #.# ##.#.##[#.##
#.# ##.#.##.#.#Z## #.#
##.#.##.#†#@#°# #.# ##.#.##
#.###○#.# #.# ##.#.##
#.##.##○#.# #.# ##.#.##
#.##.#.##.#.# ##.# ##.#.##
#.##.#.#.##.#.##..#
#.#.##.#.##.#...#.##.#Y##.#
#.#.##.#§##...[##.#)##.#.###
##.#.##.#...#.##.#.## #.#
##.#.##.#.#.##.#.## ##


You could see a water moccasin skeleton.

Vanquished Creatures
  An ogre (D:5)
  A phantom (D:5)
  A scorpion (D:5)
  A hound (D:5)
  An orc priest (D:5)
  A centaur skeleton (D:4)
  An orc wizard (D:5)
  7 adders
  3 gnolls (D:2)
  4 dart slugs
  4 orcs (D:5)
  A ball python (D:1)
  4 endoplasms (D:1)
  A giant cockroach (D:3)
  16 hobgoblins
  3 jackals (D:1)
  9 kobolds
  5 quokkas
  4 bats
  2 frilled lizards (D:1)
  9 goblins
  4 rats
83 creatures vanquished.

Vanquished Creatures (others)
  4 toadstools (D:5)
4 creatures vanquished.

Grand Total: 87 creatures vanquished

Notes
Turn   | Place    | Note
-------+----------+-------------------------------------------
     0 | D:1      | dickylongcocking the Djinni Venom Mage began the quest for
                  | the Orb.
     0 | D:1      | Reached XP level 1. HP: 15/15 MP: 0/0
    11 | D:1      | Found a faded altar of an unknown god.
   185 | D:1      | Reached XP level 2. HP: 17/22 MP: 0/0
   194 | D:1      | Reached skill level 1 in Fighting
   214 | D:1      | Reached skill level 3 in Spellcasting
   659 | D:1      | Reached XP level 3. HP: 24/28 MP: 0/0
   659 | D:1      | Learned a level 1 spell: Shock
  1920 | D:2      | Reached XP level 4. HP: 34/34 MP: 0/0
  2945 | D:3      | Reached XP level 5. HP: 40/40 MP: 0/0
  2945 | D:3      | Learned a level 2 spell: Slow
  3246 | D:3      | Reached skill level 4 in Spellcasting
  3402 | D:3      | Found a burning altar of Makhleb.
  3406 | D:3      | Became a worshipper of Makhleb the Destroyer
  3435 | D:4      | Found Vioten's Lightly-Used Armoury.
  3446 | D:4      | Bought a -3 quick blade for 1 gold piece
  3446 | D:4      | Bought a -2 quick blade for 65 gold pieces
  3451 | D:4      | Identified a scroll of acquirement
  3451 | D:4      | Acquired the ring "Meosm" {rF- rC+ Str+6 Slay+2 SInv}
  3482 | D:4      | Reached skill level 1 in Armour
  4135 | D:5      | Entered Level 5 of the Dungeon
  4189 | D:5      | Reached XP level 6. HP: 12/46 MP: 0/0
  4744 | D:5      | Reached XP level 7. HP: 26/50 MP: 0/0
  4744 | D:5      | Learned a level 3 spell: Portal Projectile
  4750 | D:5      | Engulfed by a cloud of flame

Illustrated notes

Levels and vault maps discovered:
D:1:      saegor_arrival_simple_a, layout_loops_ring, basic_ecumenical_altar
D:2:      layout_loops_cross, grunt_decor_arrowhead, corexii_shack
D:3:      layout_rooms, general_overflow_altar
D:4:      cheibrodos_greedy_goblins, layout_cave_pools, minmay_shop_damaged
D:5:      minmay_inner_zag, layout_loops_ring, grunt_temple_overflow_open,
          minmay_overflow_temple_hex, minmay_holes, minmay_gold_behind_fungi

Skill      XL: |  1  2  3  4  5  6  7 |
---------------+----------------------+-----
Fighting       | 1 2 3 |  3.7
Spellcasting   | 3 4 |  4.9
Armour         | 2 3 |  3.2
Dodging        | |  2.2
Stealth        | |  1.6

Action                   |  1- 3 |  4- 6 |  7- 9 || total
-------------------------+-------+-------+-------++-------
Melee: Unarmed           |     9 |       |       ||     9
       Dagger            |    41 |    77 |     1 ||   119
       Falchion          |       |    15 |       ||    15
 Cast: Sting             |    39 |     7 |       ||    46
       Ignite Poison     |     1 |     5 |     1 ||     7
       Shock             |     1 |       |       ||     1
       Olgreb's Toxic Ra |       |     3 |       ||     3
       Poisonous Vapours |       |     6 |       ||     6
       Mephitic Cloud    |       |     1 |     2 ||     3
  Use: Scroll            |       |     8 |       ||     8
 Stab: Sleeping          |     1 |     4 |       ||     5
       Distracted        |     1 |       |       ||     1
Armor: Robe              |    13 |     5 |       ||    18
       Ring mail         |       |    34 |     1 ||    35
Dodge: Dodged            |    54 |    62 |     1 ||   117
       Rpst.: Falchion   |       |     6 |       ||     6

Table legend: (Time is in decaauts)
 A = Elapsed time spent in this place.
 B = Non-inter-level travel time spent in this place.
 C = Inter-level travel time spent in this place.
 D = Time resting spent in this place.
 E = Time spent auto-exploring this place.
 F = Levels seen in this place.
 G = Mean time per level.
                   A        B        C        D        E       F      G
               +--------+--------+--------+--------+--------+-----+--------+
         Total |   4750 |   4612 |    138 |    713 |   3185 |   5 |  950.0 |
       Dungeon |   4750 |   4612 |    138 |    713 |   3185 |   5 |  950.0 |
               +--------+--------+--------+--------+--------+-----+--------+

Top non-repeatable levels by time:
     D:1: 1978 daAuts
     D:2: 959 daAuts
     D:4: 701 daAuts
     D:5: 614 daAuts
     D:3: 496 daAuts
